 Dungeon Crawl Stone Soup version 0.30.0-29-ga12c61a403 (webtiles) character file.

Game seed: 17511490245310252268

572391 taunis the Conqueror (level 27, -20/199 HPs)
             Began as a Gargoyle Monk on May 26, 2023.
             Was the Champion of Okawaru.
             Killed from afar by an orb of fire (32 damage)
             ... with a fireball
             ... on level 1 of the Realm of Zot on June 19, 2023.
             The game lasted 04:48:32 (58770 turns).

taunis the Conqueror (Gargoyle Monk)               Turns: 58770, Time: 04:48:33

Health: -20/199    AC: 65    Str: 33    XL:     27
Magic:  33/34      EV: 18    Int:  8    God:    Okawaru [******]
Gold:   6543       SH: 27    Dex: 14    Spells: 26/26 levels left

rFire   + . .        r - +5 broad axe (elec)
rCold   . . .        g - +5 Storm Queen's Shield {shock, Fly rElec}
rNeg    + + .        K - +5 plate armour of Lies {Regen+ Stlth+}
rPois   ∞            A - +3 hat of the Pits of Slime {rF+ Stlth+}
rElec   +            X - +2 cloak {Will+}
rCorr   .            i - +2 pair of gloves {Str+3}
SInv    +            e - +3 pair of seven-league boots {Rampage+∞}
Will    +++..        b - amulet of False Pretenses {Reflect Str+2 Int-4 Dex+2 Slay+3 SH+5}
Stlth   +            d - ring of see invisible
HPRegen 1.33/turn    N - ring of positive energy
MPRegen 0.24/turn

%: reflection, rampage+∞
@: heroic, flying, unable to drink
A: sickness immunity, AC +20, big wings, negative energy resistance 1,
electricity resistance, torment resistance 1, petrification resistance, shaggy
fur 1, inability to drink after injury 1
}: 3/15 runes: serpentine, barnacled, silver
a: Renounce Religion, Heroism, Finesse, Duel


You were on level 1 of the Realm of Zot.
You worshipped Okawaru.
Okawaru was exalted by your worship.
You visited 12 branches of the dungeon, and saw 48 of its levels.
You also visited: Trove, Sewer, Gauntlet and Ice Cave.

You collected 8374 gold pieces.
You spent 1831 gold pieces at shops.

Inventory:

Hand Weapons
 a - a +2 demon whip of freezing
 f - the +7 hand axe "Hosch" {spect, rPois rC+ rCorr Int-4}
   (You found it on level 2 of the Dungeon)

   Int:       It affects your intelligence (-4).
   rC:        It protects you from cold.
   rPois:     It protects you from poison.
   rCorr:     It protects you from acid and corrosion.
 j - the +1 war axe "Nomisk" {vamp, rPois Will+ Str-2 Int+2}
   (Okawaru gifted it to you on level 1 of the Depths)

   Str:       It affects your strength (-2).
   Int:       It affects your intelligence (+2).
   rPois:     It protects you from poison.
   Will:      It increases your willpower.
 r - a +5 broad axe of electrocution (weapon)
 T - a +3 demon whip of flaming
Armour
 e - the +3 pair of seven-league boots (worn) {Rampage+∞}
   (Okawaru gifted it to you on level 5 of the Lair of Beasts)

   Rampage+∞: When moving toward enemies, its wearer moves as far as possible,
   alerting their target en route.
 g - the +5 Storm Queen's Shield (worn) {shock, Fly rElec}
   (You found it on level 3 of the Vaults)

   Shock:     When it blocks an attack, it may electrocute the attacker.
   This works even against foes who are a short distance away.
   rElec:     It insulates you from electricity.
   Fly:       It grants you flight.
 i - a +2 pair of gloves of strength (worn)
 l - a +2 pair of gloves of infusion
 A - the +3 hat of the Pits of Slime (worn) {rF+ Stlth+}
   (Okawaru gifted it to you on level 1 of the Shoals)

   rF:        It protects you from fire.
   Stlth:     It makes you more stealthy.
 J - a +2 kite shield of reflection
 K - the +5 plate armour of Lies (worn) {Regen+ Stlth+}
   (Okawaru gifted it to you on level 9 of the Dungeon)

   Regen:     It increases your rate of health regeneration.
   Stlth:     It makes you more stealthy.
 L - a +2 kite shield of fire resistance
 X - a +2 cloak of willpower (worn)
Jewellery
 b - the amulet of False Pretenses (around neck) {Reflect Str+2 Int-4 Dex+2 Slay+3 SH+5}
   (You bought it in a shop on level 1 of the Elven Halls)

   [amulet of reflection]

   It reflects blocked missile attacks.
   Str:       It affects your strength (+2).
   Int:       It affects your intelligence (-4).
   Dex:       It affects your dexterity (+2).
   Slay:      It affects your accuracy & damage with ranged weapons and melee
   (+3).
   SH:        It affects your SH (+5).
 d - a ring of see invisible (left hand)
 t - the ring of Jaab {+Blink rF+ Str+6}
   (You acquired it on level 3 of the Crypt)

   [ring of strength]

   Str:       It affects your strength (+6).
   rF:        It protects you from fire.
   +Blink:    It lets you blink.
 x - a ring of willpower
 G - the ring of the Hare {EV+10}
   (You took it off a deep elf death mage on level 3 of the Elven Halls)

   [ring of evasion]

   EV:        It affects your evasion (+10).
 I - the amulet "Ohogisaxt" {Spirit Will++ Regen+}
   (You bought it in a shop on level 9 of the Dungeon)

   [amulet of guardian spirit]

   It causes incoming damage to be divided between your reserves of health and
   magic.
   Regen:     It increases your rate of health regeneration.
   Will:      It greatly increases your willpower.
 N - a ring of positive energy (right hand)
 O - a ring of protection from fire
 U - a ring of ice
 Y - the ring "Ezucor" {Will+ Int+2 Dex+2}
   (You found it in a Gauntlet)

   [ring of willpower]

   Int:       It affects your intelligence (+2).
   Dex:       It affects your dexterity (+2).
   Will:      It increases your willpower.
Wands
 h - a wand of quicksilver (38)
 B - a wand of polymorph (53)
 E - a wand of roots (58)
 F - a wand of flame (156)
 H - a wand of mindburst (42)
 M - a wand of digging (30)
 S - a wand of paralysis (56)
Scrolls
 k - 10 scrolls of butterflies
 m - 18 scrolls of teleportation
 o - a scroll of silence
 v - 7 scrolls of fog
 C - 9 scrolls of fear
 D - 3 scrolls of blinking
 Q - 8 scrolls of poison
 R - 5 scrolls of magic mapping
Potions
 c - 6 potions of ambrosia
 n - 6 potions of resistance
 q - 30 potions of curing
 s - 15 potions of might
 u - 2 potions of invisibility
 w - 5 potions of lignification
 y - 6 potions of berserk rage
 z - 10 potions of haste
 P - 9 potions of cancellation
 V - 6 potions of heal wounds
Miscellaneous
 p - a phial of floods


   Skills:
 O Level 27 Fighting
 - Level 18.0(23.4) Axes
 - Level 7.4(19.6) Maces & Flails
 + Level 23.3(27) Armour
 - Level 15.0(20.0) Dodging
 + Level 19.6(24.6) Shields
 - Level 15.0 Invocations


You had 26 spell levels left.
You didn't know any spells.
Your spell library contained the following spells:

 Spells                   Type           Power      Damage    Failure   Level
 Apportation              Tloc           0%         N/A       75%         1
 Beastly Appendage        Tmut           0%         N/A       75%         1
 Freeze                   Ice            0%         1d3       75%         1
 Magic Dart               Conj           0%         1d3       75%         1
 Necrotise                Necr           0%         1d4       75%         1
 Sandblast                Erth           0%         2d4       75%         1
 Blink                    Tloc           0%         N/A       87%         2
 Lesser Beckoning         Tloc           0%         N/A       87%         2
 Momentum Strike          Conj/Tloc      0%         3d8       87%         2
 Passwall                 Tmut/Erth      0%         N/A       87%         2
 Poisonous Vapours        Pois/Air       0%         N/A       87%         2
 Wereblood                Tmut           0%         N/A       87%         2
 Frozen Ramparts          Ice            0%         1d1       98%         3
 Gell's Gravitas          Tloc           0%         N/A       98%         3
 Hailstorm                Conj/Ice       0%         3d3       98%         3
 Ignite Poison            Fire/Tmut/Pois 0%         N/A       98%         3
 Mephitic Cloud           Conj/Pois/Air  0%         N/A       98%         3
 Spider Form              Tmut/Pois      0%         N/A       98%         3
 Stone Arrow              Conj/Erth      0%         3d7       98%         3
 Teleport Other           Tloc           0%         N/A       98%         3
 Vampiric Draining        Necr           0%         2d6       98%         3
 Vhi's Electric Charge    Tloc/Air       0%         N/A       98%         3
 Volatile Blastmotes      Fire/Tloc      0%         2d10      98%         3
 Cause Fear               Hex            0%         N/A       100%        4
 Fulminant Prism          Conj/Hex       0%         3d5       100%        4
 Ice Form                 Ice/Tmut       0%         N/A       100%        4
 Iskenderun's Mystic Bla  Conj/Tloc      0%         2d3       100%        4
 Leda's Liquefaction      Hex/Erth       0%         N/A       100%        4
 Manifold Assault         Tloc           0%         N/A       100%        4
 Olgreb's Toxic Radiance  Pois           0%         N/A       100%        4
 Petrify                  Tmut/Erth      0%         N/A       100%        4
 Agony                    Necr           0%         N/A       100%        5
 Alistair's Intoxication  Tmut/Pois      0%         N/A       100%        5
 Arcjolt                  Conj/Air       0%         1d10      100%        5
 Borgnjor's Vile Clutch   Necr/Erth      0%         N/A       100%        5
 Freezing Cloud           Conj/Ice/Air   0%         6-21      100%        5
 Irradiate                Conj/Tmut      0%         3d11      100%        5
 Iskenderun's Battlesphe  Conj           0%         2d6       100%        5
 Lee's Rapid Deconstruct  Erth           0%         3d4*      100%        5
 Metabolic Englaciation   Hex/Ice        0%         N/A       100%        5
 Dispersal                Tloc           0%         N/A       100%        6
 Iron Shot                Conj/Erth      0%         9d1       100%        6
 Plasma Beam              Fire/Air       0%         2x1d11    100%        6
 Dragon Form              Tmut           0%         N/A       100%        7
 Storm Form               Tmut/Air       0%         N/A       100%        7
 Borgnjor's Revivificati  Necr           0%         N/A       100%        8
 Disjunction              Tloc           0%         N/A       100%        8
 Lehudib's Crystal Spear  Conj/Erth      0%         10d2      100%        8
 Maxwell's Capacitive Co  Air            0%         ∞         100%        8
 Necromutation            Tmut/Necr      0%         N/A       100%        8
 Death's Door             Necr           0%         N/A       100%        9
 Polar Vortex             Ice            0%         N/A       100%        9
 Summon Small Mammal      Summ           Unusable   N/A       N/A         1
 Call Imp                 Summ           Unusable   N/A       N/A         2
 Cigotuvi's Dreadful Rot  Necr/Pois/Air  Unusable   N/A       N/A         2
 Sublimation of Blood     Necr           Unusable   N/A       N/A         2
 Summon Lightning Spire   Summ/Air       Unusable   N/A       N/A         4
 Simulacrum               Ice/Necr       Unusable   N/A       N/A         6
 Statue Form              Tmut/Erth      Unusable   N/A       N/A         6
 Spellforged Servitor     Conj/Summ      Unusable   N/A       N/A         7
 Dragon's Call            Summ           Unusable   N/A       N/A         9

Dungeon Overview and Level Annotations

Branches:
Dungeon (15/15)            Temple (1/1) D:5            Lair (5/5) D:9
 Shoals (4/4) Lair:3        Snake (4/4) Lair:3        Slime (0/5) Lair:4
    Orc (2/2) D:9             Elf (3/3) Orc:2        Vaults (5/5) D:14
  Crypt (3/3) Vaults:2       Tomb (1/3) Crypt:3      Depths (4/4) D:15
    Zot (1/5) Depths:4      Sewer (visited)           IceCv (visited)
Gauntlet (visited)

Altars:
Ashenzari
Cheibriados
Dithmenos
Elyvilon
Fedhas
Gozag
Hepliaklqana
Kikubaaqudgha
Makhleb
Nemelex Xobeh
Okawaru
Qazlal
Ru
Sif Muna
Trog
Uskayaw
Vehumet
Wu Jian
Xom
Yredelemnul
Zin
The Shining One
Jiyva

Shops:
D:1 :*(:[   D:9 (*=   D:11 ([:   Orc:2 [(((   Elf:1 :==   Elf:3 :[[(
Vaults:4 [   Depths:2 [

Portals:
Hell: Depths:1 Depths:2 Depths:3 Depths:4
Abyss: Depths:3
Pandemonium: Depths:2 Depths:4
Ziggurat: Depths:3

Annotations:
Shoals:2 6 transporters
Vaults:4 2 transporters, Irreverend's ghost, adept MiFi
Depths:3 1 runed translucent door
Zot:1 4 runed translucent doors


Innate Abilities, Weirdness & Mutations

You are immune to sickness and miasma.
Your stone body is resilient. (AC +20)
You are immune to poison.
Your large and strong wings let you fly.
You resist negative energy. (rN+)
You are resistant to electric shocks. (rElec)
You are resistant to unholy torment.
You are immune to petrification.
You are covered in fur. (AC +1)
You occasionally lose the ability to drink potions when taking damage.


Message History

You slice the red draconian scorcher!!
Lightning courses through the red draconian scorcher!
You kill the red draconian scorcher!
Okawaru accepts your kill.
You miss the orb of fire.
The orb of fire is heavily damaged.
The orb of fire emits a lurid red light.
The bolt of fire misses you.
You completely miss the orb of fire.
The orb of fire is heavily damaged.
The orb of fire glows red.
The bolt of fire hits you!! You resist.
You feel threatened and lose the ability to drink potions!
* * * LOW HITPOINT WARNING * * *
You closely miss the orb of fire.
The orb of fire is heavily damaged.
You hit the orb of fire but do no damage.
The orb of fire is heavily damaged.
The orb of fire glows red.
The bolt of fire hits you!! You resist.
* * * LOW HITPOINT WARNING * * *
Unknown command.
Unknown command.
Unknown command.
Unknown command.
You cannot drink potions in your current state!
Blink to where?
Press: ? - help, Dir - move target
As you read the scroll of blinking, it crumbles to dust.
The orb of fire emits a lurid red light.
The bolt of fire hits you! You resist.
* * * LOW HITPOINT WARNING * * *
An orb of fire is nearby!
You stride towards the orb of fire!
You miss the orb of fire.
The orb of fire is heavily damaged.
You miss the orb of fire.
The orb of fire is heavily damaged.
The orb of fire glows yellow.
The fireball explodes!
The fireball engulfs you!! You resist.
You die...

#######################
......................##
∩.......⌠..............##
#..#########..#######...##
#..# #..# ##...## #..# #..#
##...##
#..#########..######
##...##
............!......##
##...##
................@*).##
##...#
####..############...#*
##.## #..# *#....#* ### ***
#..# *#......#* **,*
***#..#********#...##..)#*
*,,,
*,,....,,,,,,,..d.##*#...#*
**,, *,......,,,,,....#*
*#...#* **,
**######****###..,**
*#...** ** * *#..,,**
*#..,** *


You could see an orb of fire.

Vanquished Creatures
  2 dread liches
  2 ancient liches (Crypt:3)
  Mennas (Vaults:3)
  A juggernaut (Depths:3)
  6 royal mummies (Tomb:1)
  Bai Suzhen (Vaults:2)
  A caustic shrike (Depths:3)
  2 golden dragons
  Nikola (Snake:1)
  Jory (Crypt:3)
  A bone dragon (Depths:3)
  2 shard shrike zombies (Crypt:3)
  2 walking crystal tomes (Depths:3)
  6 tentacled monstrosities
  Jorgrun (D:13)
  Rupert (D:15)
  A deep elf blademaster (Elf:3)
  10 liches
  2 walking frostbound tomes (Depths:2)
  A walking divine tome (Depths:3)
  3 titans
  A quicksilver dragon (Depths:2)
  Polyphemus (Shoals:2)
  10 sphinxes
  Kirke (D:15)
  7 ancient champions
  Gastronok (D:9)
  Agnes (D:14)
  8 tengu reavers
  3 storm dragons (Depths:3)
  Donald (Snake:4)
  Roxanne (D:14)
  10 shadow dragons
  Ilsuiw (Shoals:1)
  14 fire giants
  A nagaraja (Snake:2)
  4 revenants
  7 deep elf sorcerers
  14 frost giants
  A draconian knight (Depths:3)
  17 vault wardens
  2 iron dragons
  2 draconian scorchers
  A caustic shrike zombie (Crypt:3)
  2 curse skulls
  A balrug (Depths:1)
  3 deep elf elementalists (Elf:3)
  Aizul (Snake:2)
  2 ghouls (Crypt:2)
  A reaper (IceCv)
  22 ironbound preservers
  2 spriggan defenders
  2 orc warlords
  30 very ugly things
  A war gargoyle (Vaults:4)
  A juggernaut skeleton (Crypt:3)
  10 ironbound thunderhulks
  16 stone giants
  A caustic shrike skeleton (Crypt:1)
  16 vampire knights
  A deep elf demonologist (Elf:3)
  A minotaur (Gauntlet)
  2 bennus (Tomb:1)
  9 deep elf annihilators
  2 purple draconians (Depths:4)
  8 dire elephants
  2 yellow draconians
  8 ettins
  5 spark wasps
  9 eidola
  4 merfolk javelineers
  10 merfolk impalers
  11 deep elf death magi
  A crystal guardian (Vaults:2)
  An entropy weaver (Vaults:3)
  10 fire dragons
  2 quicksilver dragon zombies
  7 great orbs of eyes
  A mummy priest (Tomb:1)
  8 deep elf high priests
  10 jiangshi
  32 vault guards
  16 yaktaur captains
  A quicksilver dragon skeleton (Vaults:3)
  Erolcha (D:9)
  2 rakshasas
  13 centaur warriors
  14 ice dragons
  3 salamander tyrants (Snake:4)
  7 spriggan air magi
  16 anacondas
  3 peacekeepers
  7 hydras
  8 ironbound frosthearts
  2 death knights (Crypt:3)
  4 boulder beetles
  5 merfolk aquamancers
  27 dancing weapons
  The ghost of Lance11888 the Basher, a novice AtHs of Zin (Lair:1)
  3 two-headed ogres
  A fenstrider witch skeleton (Crypt:1)
  A satyr (Shoals:4)
  2 merfolk avatars
  12 naga warriors
  15 vampire magi
  4 hell hogs
  4 catoblepae
  23 death yaks
  9 deep troll shamans
  An orc high priest (Orc:2)
  7 tengu warriors
  14 shock serpents
  11 death scarabs (Tomb:1)
  6 deep troll earth magi
  A titan zombie (Crypt:3)
  17 hell knights
  8 naga sharpshooters
  8 spriggan berserkers
  11 iron trolls
  7 skysharks
  8 salamander mystics
  A wretched star (Gauntlet)
  22 deep elf knights
  2 sun demons
  3 storm dragon zombies (Crypt:3)
  A shadow wraith (Crypt:3)
  4 golden dragon zombies (Crypt:3)
  59 deep trolls
  19 skeletal warriors
  9 sea snakes
  Lodul (D:14)
  8 flayed ghosts
  A kraken simulacrum (Shoals:4)
  7 glowing orange brains
  A shadow demon (Depths:4)
  2 naga ritualists
  6 orc knights
  5 deep elf archers
  Pikel (D:6)
  20 deep elf pyromancers
  2 anaconda skeletons (Crypt:3)
  9 wizards
  20 lindwurms
  8 harpies
  A harpy (shapeshifter) (Elf:3)
  18 phantasmal warriors
  27 deep elf zephyrmancers
  12 ironbound convokers
  A mana viper (shapeshifter) (Depths:3)
  3 stone giant zombies
  A wolf spider (Vaults:2)
  10 necromancers
  26 manticores
  31 ugly things
  8 orc sorcerers
  4 oklob plants
  A jorogumo zombie (Crypt:3)
  11 mana vipers
  An iron dragon skeleton (Vaults:3)
  An iron dragon zombie (Crypt:1)
  2 fauns (Shoals:3)
  A shining eye (shapeshifter) (Vaults:5)
  5 cyclopes
  30 salamanders
  A dire elephant zombie (Crypt:2)
  8 guardian serpents
  A centaur zombie (Crypt:3)
  11 elephants
  3 orange demons
  2 ice statues (IceCv)
  An alligator snapping turtle zombie (Crypt:1)
  28 black mambas
  9 merfolk sirens
  A human skeleton (Vaults:1)
  An elephant (shapeshifter) (Vaults:3)
  9 water nymphs
  A stone giant skeleton (Vaults:1)
  A naga zombie (Crypt:1)
  Joseph (D:7)
  5 smoke demons
  21 vault sentinels
  10 naga magi
  2 gargoyles
  Maggie (D:8)
  A dire elephant skeleton (Crypt:1)
  6 freezing wraiths
  A hellion (Depths:2)
  5 cane toads
  3 efreet
  An unseen horror (D:12)
  26 yaktaurs
  4 rime drakes
  6 komodo dragons
  7 ice devils
  A red draconian skeleton (Crypt:3)
  A black draconian skeleton (Crypt:2)
  3 harpy zombies
  12 guardian mummies
  2 polar bears
  A yellow draconian skeleton (Crypt:1)
  A queen bee (shapeshifter) (Vaults:5)
  A troll (shapeshifter) (Vaults:3)
  7 wind drakes
  4 red devils
  4 trolls
  31 merfolk
  A harpy skeleton (Crypt:3)
  2 hornets
  17 blink frogs
  A death drake skeleton (Crypt:3)
  Prince Ribbit (D:7)
  An alligator zombie (Crypt:3)
  5 dream sheep (Lair:2)
  16 snapping turtles
  15 slime creatures
  A black mamba zombie (Crypt:1)
  3 air elementals
  22 vampires (Crypt:3)
  10 flying skulls (Tomb:1)
  2 spriggans (Depths:4)
  Sigmund (D:5)
  6 wraiths
  4 wyverns
  An alligator skeleton (Crypt:1)
  A spriggan (shapeshifter) (D:15)
  An ushabti (Tomb:1)
  17 water elementals
  Grum (D:9)
  A shadow (D:13)
  A ynoxinul (Depths:2)
  5 basilisks (Lair:4)
  4 fire bats (Gauntlet)
  6 hogs (D:15)
  2 humans (shapeshifter)
  42 yaks
  2 sea snake simulacra (Shoals:4)
  2 fire elementals (Elf:2)
  4 death yak simulacra
  A chaos spawn (Depths:2)
  A neqoxec (Gauntlet)
  A steam dragon (D:8)
  A human simulacrum (Vaults:1)
  24 vampire mosquitoes
  3 harpy simulacra
  2 wargs (Orc:1)
  31 nagas
  15 water moccasins
  3 acid dragons
  A demonspawn zombie (Crypt:3)
  A hell hound (Gauntlet)
  32 orc warriors
  3 floating eyes
  Pargi (Sewer)
  A sky beast (D:4)
  2 black bears
  2 ice beasts
  14 ogres
  A dream sheep zombie (Crypt:3)
  A swamp dragon skeleton (Crypt:3)
  17 wolves
  4 boggarts (D:15)
  2 small abominations (Gauntlet)
  8 centaurs
  2 lemures
  2 phantoms (D:4)
  2 kobold brigands
  3 necrophages (Crypt:2)
  2 human zombies
  8 bullfrogs
  2 gnoll sergeants
  4 scorpions
  A glowing shapeshifter simulacrum (Vaults:1)
  A two-headed ogre simulacrum (IceCv)
  A cane toad simulacrum (IceCv)
  An earth elemental (Elf:2)
  5 wights
  A polar bear zombie (Crypt:2)
  3 elephant simulacra
  5 killer bees
  A howler monkey (D:6)
  2 electric eels
  A rime drake simulacrum (Lair:1)
  3 crimson imps (Gauntlet)
  A wyvern simulacrum (Lair:1)
  6 hounds
  4 jellies
  18 orc priests
  A gnoll bouda (D:6)
  A water moccasin simulacrum (Lair:1)
  3 sleepcaps
  3 iguanas
  31 orc wizards
  7 hell rats
  3 spriggan simulacra (IceCv)
  4 troll simulacra (IceCv)
  A boggart zombie (Crypt:2)
  A yak simulacrum (Lair:1)
  2 wolf simulacra
  An acid dragon zombie (Crypt:2)
  A sky beast zombie (Crypt:1)
  A tengu skeleton (Crypt:2)
  4 mummies (Tomb:1)
  20 gnolls
  14 adders
  2 naga simulacra (IceCv)
  2 river rats (D:6)
  3 white imps
  An ufetubus (IceCv)
  9 worms
  6 dart slugs
  73 orcs
  15 bats
  A bat zombie (Crypt:1)
  4 endoplasms
  4 giant cockroaches
  7 goblins
  4 hobgoblins
  2 jackals (D:2)
  A quokka (D:8)
  9 ball pythons
  2 frilled lizards (D:1)
  2 giant cockroach zombies
  15 kobolds
  A kobold zombie (Crypt:3)
  8 rats
  A river rat skeleton (Crypt:3)
  A butterfly (Lair:5)
  2 spectral weapons
  A tentacle (Shoals:4)
2088 creatures vanquished.

Vanquished Creatures (others)
  A spriggan berserker (Depths:3)
  A deep troll (Depths:3)
  A deep elf pyromancer (Elf:2)
  2 deep elf zephyrmancers
  A polar bear (Lair:3)
  An orc (Orc:2)
  107 spectral weapons
  2 tentacles (Shoals:4)
116 creatures vanquished.

Grand Total: 2204 creatures vanquished

Notes
Turn   | Place    | Note
-------+----------+-------------------------------------------
     0 | D:1      | taunis the Gargoyle Monk began the quest for the Orb.
     0 | D:1      | Reached XP level 1. HP: 14/14 MP: 1/1
   103 | D:1      | Found Begoixt's Antique Armour Emporium.
   127 | D:1      | Found Durux's General Store.
   157 | D:1      | Found Pycsyh's Weapon Shop.
   287 | D:1      | Found Qesyocua's Book Emporium.
   400 | D:1      | Found Bakamp's Book Emporium.
   432 | D:1      | Reached XP level 2. HP: 17/19 MP: 2/2
   971 | D:2      | Reached skill level 4 in Fighting
   971 | D:2      | Reached XP level 3. HP: 24/24 MP: 3/3
  1227 | D:2      | Identified the +7 hand axe "Hosch" {spect, rPois rC+ rCorr
                  | Int-4}
  1310 | D:2      | Found an iron altar of Okawaru.
  1318 | D:2      | Became a worshipper of Warmaster Okawaru
  1318 | D:2      | Reached * piety under Okawaru
  1318 | D:2      | Reached ** piety under Okawaru
  1334 | D:2      | Reached XP level 4. HP: 30/30 MP: 4/4
  1722 | D:3      | Reached XP level 5. HP: 22/34 MP: 5/5
  1785 | D:3      | Reached skill level 5 in Fighting
  2276 | D:4      | Reached skill level 1 in Armour
  2276 | D:4      | Reached XP level 6. HP: 40/40 MP: 6/6
  2319 | D:4      | Found an opulent altar of Gozag.
  2439 | D:4      | Noticed an ice beast
  2449 | D:4      | Killed an ice beast
  2450 | D:4      | Reached skill level 6 in Fighting
  2548 | D:4      | Reached XP level 7. HP: 35/47 MP: 7/7
  2612 | D:4      | Reached *** piety under Okawaru
  2784 | D:4      | Reached skill level 7 in Fighting
  3285 | D:5      | Entered Level 5 of the Dungeon
  3306 | D:5      | Noticed Sigmund
  3376 | D:4      | Reached skill level 5 in Armour
  3376 | D:4      | Reached XP level 8. HP: 42/53 MP: 8/8
  3479 | D:5      | Reached skill level 8 in Fighting
  3481 | D:5      | Reached **** piety under Okawaru
  3570 | D:5      | Killed Sigmund
  3796 | D:5      | Found a staircase to the Ecumenical Temple.
  3863 | Temple   | Entered the Ecumenical Temple
  4063 | D:6      | Noticed Pikel
  4121 | D:6      | Reached skill level 9 in Fighting
  4157 | D:6      | Reached XP level 9. HP: 49/60 MP: 9/9
  4334 | D:6      | Found a glowing drain.
  4347 | Sewer    | Entered a sewer
  4398 | Sewer    | Noticed Pargi
  4403 | Sewer    | Killed Pargi
  4647 | D:6      | Killed Pikel
  4647 | D:6      | Reached ***** piety under Okawaru
  4648 | D:6      | Reached skill level 10 in Fighting
  4994 | D:6      | Reached skill level 11 in Fighting
  5049 | D:7      | Noticed Joseph
  5063 | D:7      | Killed Joseph
  5064 | D:7      | Reached skill level 10 in Armour
  5064 | D:7      | Reached XP level 10. HP: 58/70 MP: 10/10
  5171 | D:7      | Noticed Prince Ribbit
  5178 | D:7      | Killed Prince Ribbit
  5179 | D:7      | Reached skill level 1 in Invocations
  5324 | D:7      | Identified the +9 flail of Niaj {heavy, rCorr Str+3}
  5457 | D:8      | Noticed Maggie
  5468 | D:8      | Killed Maggie
  5979 | D:8      | Reached skill level 12 in Fighting
  5992 | D:9      | Found Cebeimn's Jewellery Emporium.
  6000 | D:9      | Bought the amulet "Ohogisaxt" {Spirit Will++ Regen+} for
                  | 612 gold pieces
  6087 | D:9      | Noticed Gastronok
  6108 | D:9      | Killed Gastronok
  6108 | D:9      | Reached ****** piety under Okawaru
  6108 | D:9      | Identified the scarf "Mayvemej" {rC+ rF+, Harm rElec Regen+
                  | Slay-6} (Okawaru gifted it to you on level 9 of the
                  | Dungeon)
  6108 | D:9      | Received a gift from Okawaru
  6109 | D:9      | Reached skill level 5 in Invocations
  6217 | D:9      | Found Xothreec's General Store.
  6262 | D:9      | Noticed a centaur warrior
  6270 | D:9      | Killed a centaur warrior
  6298 | D:9      | Found a staircase to the Lair.
  6299 | D:9      | Noticed Erolcha
  6299 | D:9      | Noticed a death yak
  6360 | D:9      | Noticed a death yak
  6361 | D:9      | Noticed a death yak
  6387 | D:8      | Killed a death yak
  6388 | D:8      | Reached skill level 13 in Fighting
  6388 | D:8      | Reached skill level 5 in Maces & Flails
  6388 | D:8      | Reached XP level 11. HP: 78/78 MP: 10/15
  6399 | D:8      | Killed a death yak
  6527 | D:9      | Found a staircase to the Orcish Mines.
  6546 | D:9      | Found Beeluhue's Weapon Shop.
  6574 | D:9      | Noticed Grum
  6608 | D:9      | Killed Grum
  6790 | D:9      | Upgraded the game from 0.30.0-18-gc0e69614cb to
                  | 0.30.0-19-g36f170ea60
  7031 | D:9      | Killed a death yak
  7032 | D:9      | Reached skill level 1 in Axes
  7038 | D:9      | Bought a potion of heal wounds for 50 gold pieces
  7038 | D:9      | Bought a +1 pair of boots for 115 gold pieces
  7091 | D:10     | Entered Level 10 of the Dungeon
  7200 | D:10     | Reached skill level 14 in Fighting
  7349 | D:9      | Killed Erolcha
  7349 | D:9      | Identified the +5 plate armour of Lies {Regen+ Stlth+}
                  | (Okawaru gifted it to you on level 9 of the Dungeon)
  7349 | D:9      | Received a gift from Okawaru
  7394 | Lair:1   | Entered Level 1 of the Lair of Beasts
  7422 | Lair:1   | Identified the +4 rapier "Kucruf" {elec, *Corrode rElec
                  | Int+8 Stlth-}
  7433 | Lair:1   | Found a white marble altar of Elyvilon.
  7488 | Lair:1   | Identified the +1 leather armour of the Prince of Darkness
                  | {rF+ SInv}
  7609 | Lair:1   | Noticed Lance11888's ghost (novice AtHs)
  7632 | Lair:1   | Found a runed translucent gate.
  7632 | Lair:1   | Found a runed translucent gate.
  7632 | Lair:1   | Found a runed translucent gate.
  7730 | Lair:1   | Noticed an oklob plant
  8189 | Lair:1   | Noticed an ice dragon
  8279 | Lair:1   | Killed an oklob plant
  8418 | Lair:2   | Noticed a six-headed hydra
  8482 | D:9      | Bought a scroll of identify for 20 gold pieces
  8482 | D:9      | Bought a scroll of identify for 20 gold pieces
  8536 | Lair:2   | Reached XP level 12. HP: 85/85 MP: 14/16
  8545 | Lair:2   | Reached skill level 5 in Dodging
  8564 | Lair:2   | Killed a six-headed hydra
  8808 | Lair:2   | Reached XP level 13. HP: 90/90 MP: 17/17
  9362 | Lair:3   | Identified the +5 battleaxe of Uckoac {pain, +Blink rElec}
                  | (Okawaru gifted it to you on level 3 of the Lair of Beasts)
  9362 | Lair:3   | Received a gift from Okawaru
  9469 | Lair:3   | Found a staircase to the Shoals.
  9580 | Lair:3   | Found a frozen archway.
  9587 | Lair:3   | Noticed an ice dragon
  9623 | Lair:3   | Killed an ice dragon
  9659 | IceCv    | Entered an ice cave
  9745 | IceCv    | Reached skill level 10 in Axes
 10094 | IceCv    | Noticed a reaper
 10113 | IceCv    | Killed a reaper
 10118 | IceCv    | Got the Compilation of Hypothermia
 10398 | Lair:3   | Received a gift from Okawaru
 10432 | Lair:3   | Reached skill level 1 in Shields
 10439 | Lair:3   | Found a staircase to the Snake Pit.
 10597 | Lair:3   | Gained mutation: Your large and strong wings let you fly.
                  | [Gargoyle growth]
 10597 | Lair:3   | Reached XP level 14. HP: 96/96 MP: 18/18
 11104 | Lair:4   | Found a staircase to the Slime Pits.
 11105 | Lair:4   | Found a viscous altar of Jiyva.
 11282 | Lair:4   | Reached skill level 5 in Shields
 11885 | Lair:5   | Entered Level 5 of the Lair of Beasts
 12107 | Lair:5   | Received a gift from Okawaru
 12239 | Lair:5   | Received a gift from Okawaru
 12239 | Lair:5   | Found the +3 pair of seven-league boots {Rampage+∞}
 12510 | Lair:5   | Reached XP level 15. HP: 96/100 MP: 16/19
 13039 | Lair:5   | Got the Secrets of Lithic Virulence
 13580 | D:10     | Identified the +6 hand axe of Spring {venom, rPois}
 13591 | D:10     | Found a basalt altar of Yredelemnul.
 13877 | D:11     | Identified the +0 hat "Bared" {Stlth+}
 14077 | D:11     | Found a glowing golden altar of the Shining One.
 14143 | D:11     | Found Kubiq's Armour Shoppe.
 14146 | D:11     | Found Gegaikar's Book Shop.
 14146 | D:11     | Found Ados's Antique Weapon Emporium.
 14811 | D:12     | Received a gift from Okawaru
 15365 | Orc:1    | Entered Level 1 of the Orcish Mines
 15426 | Orc:1    | Reached skill level 15 in Fighting
 15568 | Orc:2    | Entered Level 2 of the Orcish Mines
 15610 | Orc:1    | Reached skill level 15 in Armour
 15668 | Orc:2    | Found Naug Zos's Antique Weapon Shoppe.
 15668 | Orc:2    | Found Zitia's Weapon Emporium.
 15691 | Orc:2    | Found Viffoz's Armour Emporium.
 15693 | Orc:2    | Found Deuhyare's Weapon Shoppe.
 15954 | Orc:2    | Found a staircase to the Elven Halls.
 16218 | Orc:1    | Noticed an orc warlord
 16571 | Orc:1    | Killed an orc warlord
 17100 | D:13     | Noticed Jorgrun
 17162 | D:13     | Killed Jorgrun
 17163 | D:13     | Reached XP level 16. HP: 87/110 MP: 13/20
 17290 | D:13     | Found a gate leading to a gauntlet.
 17398 | Gauntlet | Entered a Gauntlet
 17398 | Gauntlet | Found a transporter.
 17398 | Gauntlet | Found a transporter.
 17400 | Gauntlet | Found a transporter.
 17401 | Gauntlet | Found a transporter.
 17403 | Gauntlet | Found a transporter.
 17446 | Gauntlet | Found a transporter.
 17446 | Gauntlet | Found a transporter.
 17447 | Gauntlet | Found a transporter.
 17454 | Gauntlet | Found a runed translucent door.
 17454 | Gauntlet | Found a runed translucent door.
 17458 | Gauntlet | Found a transporter.
 17476 | Gauntlet | Found a transporter.
 17483 | Gauntlet | Found a transporter.
 17501 | Gauntlet | Found a transporter.
 17521 | Gauntlet | Found a transporter.
 17522 | Gauntlet | Found a runed translucent door.
 17537 | Gauntlet | Found a transporter.
 17609 | Gauntlet | Reached skill level 16 in Fighting
 17640 | Gauntlet | Gained mutation: You are covered in fur. (AC +1) [a
                  | neqoxec]
 17676 | Gauntlet | Identified the ring "Ezucor" {Will+ Int+2 Dex+2}
 17779 | Gauntlet | Identified the +5 longbow of World Downfall {freeze, Int+3}
 18201 | D:14     | Found a viscous altar of Jiyva.
 18252 | D:14     | Noticed Lodul
 18277 | D:14     | Killed Lodul
 18277 | D:14     | Received a gift from Okawaru
 18488 | D:14     | Identified Roxanne's Secrets of the Rocks
 18488 | D:14     | Noticed Roxanne
 18661 | D:14     | Found a gate to the Vaults.
 18679 | D:14     | Noticed Agnes
 18688 | D:14     | Killed Agnes
 18960 | D:15     | Entered Level 15 of the Dungeon
 19065 | D:15     | Noticed Rupert
 19182 | D:14     | Killed Roxanne
 19183 | D:14     | Reached skill level 17 in Fighting
 19533 | Shoals:1 | Entered Level 1 of the Shoals
 19545 | Shoals:1 | Identified the +3 hat of the Pits of Slime {rF+ Stlth+}
                  | (Okawaru gifted it to you on level 1 of the Shoals)
 19545 | Shoals:1 | Received a gift from Okawaru
 20258 | Shoals:2 | Noticed Ilsuiw
 20295 | Shoals:2 | Noticed Polyphemus
 20295 | Shoals:2 | Found a transporter.
 20295 | Shoals:2 | Found a transporter.
 20357 | Shoals:1 | Killed Ilsuiw
 20503 | Shoals:2 | Killed Polyphemus
 20768 | Shoals:2 | Found a transporter.
 20770 | Shoals:2 | Found a transporter.
 20816 | Shoals:2 | Found a transporter.
 21045 | Shoals:2 | Found a transporter.
 21392 | Shoals:3 | Reached XP level 17. HP: 112/119 MP: 19/22
 21502 | Shoals:3 | Reached skill level 18 in Fighting
 21519 | Shoals:3 | Identified the +1 ring mail of the Baker {rN+} (Okawaru
                  | gifted it to you on level 3 of the Shoals)
 21519 | Shoals:3 | Received a gift from Okawaru
 22078 | Shoals:4 | Entered Level 4 of the Shoals
 22576 | Shoals:4 | Reached skill level 10 in Invocations
 22655 | Shoals:3 | Reached skill level 19 in Fighting
 22701 | Shoals:4 | Found a runed translucent gate.
 22727 | Shoals:4 | Found a runed translucent gate.
 22727 | Shoals:4 | Found a runed translucent gate.
 23240 | Shoals:4 | Got a barnacled rune of Zot
 23263 | Shoals:4 | Received a gift from Okawaru
 23749 | Snake:1  | Entered Level 1 of the Snake Pit
 23761 | Snake:1  | Reached skill level 10 in Shields
 23894 | Snake:1  | Noticed Nikola
 23917 | Snake:1  | Killed Nikola
 24040 | Snake:1  | You are sucked into a shaft and drop 1 floor!
 24050 | Snake:2  | Noticed Aizul
 24168 | Snake:1  | Reached XP level 18. HP: 118/129 MP: 22/25
 24548 | Snake:1  | Identified the +9 great mace of Equilibrium {venom, rN+++
                  | Will- Int+2} (Okawaru gifted it to you on level 1 of the
                  | Snake Pit)
 24548 | Snake:1  | Received a gift from Okawaru
 25068 | Snake:2  | Reached skill level 20 in Fighting
 25206 | Snake:2  | Killed Aizul
 26341 | Snake:3  | Received a gift from Okawaru
 26713 | Snake:4  | Entered Level 4 of the Snake Pit
 26858 | Snake:4  | Found a snail-covered altar of Cheibriados.
 27439 | Snake:4  | Reached skill level 21 in Fighting
 27618 | Snake:4  | Noticed Donald
 27637 | Snake:4  | Killed Donald
 28300 | Snake:4  | Reached XP level 19. HP: 102/137 MP: 17/26
 28536 | Snake:4  | Reached skill level 10 in Dodging
 28552 | Snake:4  | Identified the +10 battleaxe of the Thing {flame, MP+9}
                  | (Okawaru gifted it to you on level 4 of the Snake Pit)
 28552 | Snake:4  | Received a gift from Okawaru
 28638 | Snake:4  | Got a serpentine rune of Zot
 29002 | Vaults:1 | Entered Level 1 of the Vaults
 29047 | Vaults:1 | Reached skill level 22 in Fighting
 29464 | Vaults:1 | Received a gift from Okawaru
 29886 | Vaults:1 | Reached skill level 23 in Fighting
 30147 | Vaults:1 | Received a gift from Okawaru
 30829 | Vaults:1 | Found a portal to a secret trove of treasure.
 31099 | Vaults:2 | Reached XP level 20. HP: 84/148 MP: 10/27
 31248 | Vaults:2 | Received a gift from Okawaru
 32332 | Vaults:2 | Found a staircase to the Crypt.
 32529 | Vaults:3 | Found the +5 Storm Queen's Shield {shock, Fly rElec}
 32798 | Vaults:3 | Noticed Bai Suzhen
 32882 | Vaults:2 | Killed Bai Suzhen
 33175 | Vaults:3 | Reached skill level 24 in Fighting
 33182 | Vaults:3 | Identified the +3 trident of the Open Hand {drain, rElec
                  | Dex+4}
 33502 | Vaults:3 | Noticed Mennas
 33729 | Vaults:3 | Identified the +0 buckler of Haahinuokh {Str+3 Int+3 Dex+4}
                  | (Okawaru gifted it to you on level 3 of the Vaults)
 33729 | Vaults:3 | Received a gift from Okawaru
 34553 | Vaults:4 | Reached XP level 21. HP: 127/156 MP: 22/30
 34672 | Vaults:4 | Found Yghyxun's Armour Emporium.
 34741 | Vaults:4 | Found a transporter.
 34741 | Vaults:4 | Found a transporter.
 34741 | Vaults:4 | Noticed Irreverend's ghost (adept MiFi)
 35046 | Vaults:4 | Received a gift from Okawaru
 35798 | Elf:1    | Entered Level 1 of the Elven Halls
 35903 | Elf:1    | Reached skill level 25 in Fighting
 36306 | Elf:1    | Identified the +0 hat of Dyeca Ricerph {rElec rF+ rCorr
                  | MP+9} (Okawaru gifted it to you on level 1 of the Elven
                  | Halls)
 36306 | Elf:1    | Received a gift from Okawaru
 36475 | Elf:1    | Found Oczoar Cynig's Book Shoppe.
 36475 | Elf:1    | Found Cet Zel's Jewellery Shop.
 36477 | Elf:1    | Found Qotyo's Jewellery Shop.
 36498 | Elf:1    | Bought the amulet of False Pretenses {Reflect Str+2 Int-4
                  | Dex+2 Slay+3 SH+5} for 694 gold pieces
 37529 | Elf:2    | Paralysed by an air elemental for 1 turns
 37875 | Elf:2    | Reached skill level 15 in Invocations
 38277 | Elf:2    | Found a runed translucent gate.
 38278 | Elf:2    | Found a runed translucent gate.
 38278 | Elf:2    | Found a runed translucent gate.
 38445 | Elf:3    | Entered Level 3 of the Elven Halls
 38470 | Elf:3    | Identified the +4 scale mail of Bedevilment {Harm rPois
                  | Dex+4}
 38605 | Elf:3    | Found Irannead's Book Shop.
 38671 | Elf:3    | Found Kurchost's Antique Weapon Boutique.
 38673 | Elf:3    | Found Aruqekeng's Armour Shop.
 38673 | Elf:3    | Found Giuprime's Armour Boutique.
 39073 | Elf:3    | Reached skill level 26 in Fighting
 39073 | Elf:3    | Reached XP level 22. HP: 134/166 MP: 33/33
 39830 | Elf:3    | Identified the +5 quarterstaff of the Bedazzling Gods
                  | {flame, rPois rCorr Dex+3}
 39830 | Elf:3    | Identified the ring "Zozagamn" {Fire rElec Dex+4}
 39864 | Elf:3    | Identified the +4 ring mail of Abebir {rC+}
 39946 | Elf:3    | Identified the +3 short sword "Zyonuil" {freeze, rElec rF-
                  | Dex+3}
 40314 | Elf:2    | Identified the +1 ring mail "Umik" {rF+ Str+3} (Okawaru
                  | gifted it to you on level 2 of the Elven Halls)
 40314 | Elf:2    | Received a gift from Okawaru
 40445 | Elf:2    | Reached skill level 27 in Fighting
 40790 | D:9      | Bought a scroll of brand weapon for 95 gold pieces
 40793 | D:9      | Bought 2 potions of cancellation for 160 gold pieces
 41215 | D:1      | Bought a potion of heal wounds for 65 gold pieces
 41421 | Lair:1   | Killed Lance11888's ghost
 41432 | Lair:1   | Identified a scroll of acquirement
 41482 | Lair:1   | Acquired a +0 pair of gloves of strength
 41696 | D:15     | Noticed Kirke
 41731 | D:15     | Killed Kirke
 41826 | D:15     | Killed Rupert
 42020 | D:15     | Found a staircase to the Depths.
 43410 | Vaults:5 | Entered Level 5 of the Vaults
 43540 | Vaults:5 | Noticed a dread lich
 43560 | Vaults:4 | Killed a dread lich
 43890 | Vaults:4 | Received a gift from Okawaru
 44099 | Vaults:4 | Identified the +5 war axe of Putrescence {heavy, Str+7}
                  | (Okawaru gifted it to you on level 4 of the Vaults)
 44099 | Vaults:4 | Received a gift from Okawaru
 44194 | Vaults:5 | Reached XP level 23. HP: 95/175 MP: 34/34
 44722 | Vaults:5 | Identified the +2 rapier "Killer Klown's Foe" {venom,
                  | Fragile rN+ Str+3 Int+3}
 44910 | Vaults:5 | Identified the +1 leather armour of Onta {Regen+ Int+2}
 45285 | Vaults:5 | Received a gift from Okawaru
 45360 | Vaults:5 | Noticed a golden dragon
 45377 | Vaults:5 | Killed a golden dragon
 45522 | Vaults:5 | Identified the staff of earth "Aju Alul" {rN+ rCorr}
 46006 | Vaults:5 | Got a silver rune of Zot
 46313 | Vaults:3 | Killed Mennas
 46730 | Depths:1 | Entered Level 1 of the Depths
 47223 | Depths:1 | Reached skill level 15 in Axes
 47327 | Depths:1 | Identified the +1 war axe "Nomisk" {vamp, rPois Will+ Str-2
                  | Int+2} (Okawaru gifted it to you on level 1 of the Depths)
 47327 | Depths:1 | Received a gift from Okawaru
 47497 | Depths:1 | Found a gateway to Hell.
 47619 | Depths:1 | Acquired a ring of see invisible
 47620 | Depths:1 | Acquired the +2 helmet "Xelaepli" {Fly Int+3 SInv}
 48032 | Depths:2 | Found Rouxky's Antique Armour Emporium.
 48335 | Depths:2 | Received a gift from Okawaru
 48352 | Depths:2 | Reached XP level 24. HP: 181/181 MP: 34/34
 48371 | Depths:2 | Found a one-way gate leading to the halls of Pandemonium.
 48868 | Depths:2 | Identified the staff of earth "Baeffeaj" {Int-3 Dex+5}
 48980 | Depths:2 | Received a gift from Okawaru
 49419 | Depths:3 | Identified the +1 falchion of Zocolouv {heavy, rF+}
                  | (Okawaru gifted it to you on level 3 of the Depths)
 49419 | Depths:3 | Received a gift from Okawaru
 49805 | Depths:3 | Found a one-way gate to the infinite horrors of the Abyss.
 49807 | Depths:3 | Noticed an ancient lich
 49808 | Depths:3 | Found a runed translucent door.
 49808 | Depths:3 | Found a one-way gateway to a ziggurat.
 49808 | Depths:3 | Noticed a juggernaut
 49808 | Depths:3 | Noticed a caustic shrike
 49809 | Depths:3 | Noticed an ancient lich
 49953 | Depths:3 | Found a hazy altar of Hepliaklqana.
 50056 | Depths:4 | Entered Level 4 of the Depths
 50331 | Depths:3 | Received a gift from Okawaru
 50473 | Depths:4 | Noticed a juggernaut
 50641 | Depths:3 | Reached skill level 15 in Shields
 51016 | Depths:3 | Reached XP level 25. HP: 176/185 MP: 34/34
 51192 | Depths:3 | Identified the +1 plate armour of Rocoeh {rElec Regen+
                  | Int+3}
 51501 | Depths:3 | Killed a juggernaut
 51906 | Depths:4 | Received a gift from Okawaru
 51959 | Depths:3 | Reached skill level 15 in Dodging
 52103 | Depths:4 | Found a radiant altar of Vehumet.
 52656 | Depths:4 | Found a gate to the Realm of Zot.
 52902 | Depths:4 | Upgraded the game from 0.30.0-19-g36f170ea60 to
                  | 0.30.0-29-ga12c61a403
 53197 | Crypt:1  | Entered Level 1 of the Crypt
 54467 | Crypt:3  | Entered Level 3 of the Crypt
 54607 | Crypt:3  | Identified the +0 pair of boots "Exulum" {Harm rPois Dex+5
                  | Stlth+} (Okawaru gifted it to you on level 3 of the Crypt)
 54607 | Crypt:3  | Received a gift from Okawaru
 54631 | Crypt:3  | Noticed an ancient lich
 54641 | Crypt:3  | Killed an ancient lich
 54653 | Crypt:3  | Acquired the ring of Jaab {+Blink rF+ Str+6}
 55155 | Crypt:3  | Reached XP level 26. HP: 193/193 MP: 34/34
 55435 | Crypt:3  | Noticed a dread lich
 55792 | Crypt:3  | Identified the +11 long sword "Vuxuax" {heavy, rC+ Int+4}
 56018 | Crypt:3  | Noticed an ancient lich
 56037 | Crypt:3  | Killed an ancient lich
 56079 | Crypt:3  | Noticed Jory
 56093 | Crypt:3  | Killed Jory
 56137 | Crypt:3  | Identified the staff of fire "Awaluh" {Fly rF+ Str+2}
 56156 | Crypt:3  | Identified the +3 short sword of Orauni {venom, Str+3}
 56359 | Crypt:3  | Found a staircase to the Tomb.
 56614 | Crypt:3  | Received a gift from Okawaru
 56651 | Crypt:3  | Killed a dread lich
 56692 | Tomb:1   | Entered Level 1 of the Tomb of the Ancients
 57136 | Tomb:1   | Received a gift from Okawaru
 57205 | Tomb:1   | Paralysed by a sphinx for 3 turns
 57426 | Tomb:1   | Noticed a royal mummy
 57426 | Tomb:1   | Noticed a royal mummy
 57470 | Tomb:1   | Killed a royal mummy
 57470 | Tomb:1   | Killed a royal mummy
 57572 | Tomb:1   | Noticed a royal mummy
 57590 | Tomb:1   | Noticed a royal mummy
 57590 | Tomb:1   | Noticed a royal mummy
 57591 | Tomb:1   | Noticed a royal mummy
 57592 | Tomb:1   | Noticed a royal mummy
 57594 | Tomb:1   | Noticed a royal mummy
 57594 | Tomb:1   | Noticed a royal mummy
 57594 | Tomb:1   | Noticed a royal mummy
 57594 | Tomb:1   | Noticed a royal mummy
 57611 | Tomb:1   | Killed a royal mummy
 57621 | Tomb:1   | Killed a royal mummy
 57621 | Tomb:1   | Killed a royal mummy
 57625 | Tomb:1   | Killed a royal mummy
 58344 | Vaults:1 | You paid a toll of +6 fire dragon scales to enter a
                  | treasure trove
 58345 | Trove    | Entered a treasure trove
 58412 | Trove    | Reached XP level 27. HP: 199/199 MP: 34/34
 58628 | Zot:1    | Entered Level 1 of the Realm of Zot
 58638 | Zot:1    | Found a large runed translucent door.
 58639 | Zot:1    | Found a large runed translucent door.
 58640 | Zot:1    | Found a large runed translucent door.
 58640 | Zot:1    | Found a shimmering altar of Xom.
 58640 | Zot:1    | Found a large runed translucent door.
 58745 | Zot:1    | Noticed an orb of fire
 58748 | Zot:1    | Gained mutation: You occasionally lose the ability to drink
                  | potions when taking damage. [an orb of fire]
 58770 | Zot:1    | Killed from afar by an orb of fire

Illustrated notes

Levels and vault maps discovered:
D:1:      onia_arrival_mini_maze, layout_basic, serial_shops, shop,
          nicolae_shop_window_shopping, nicolae_shop_bloodbath_and_beyond, shop,
          nicolae_shop_tiny_glass, serial_forest, infiniplex_forest_straight_2,
          infiniplex_forest_lined_2, infiniplex_forest_end_2,
          infiniplex_forest_lined_room_2, infiniplex_forest_side_room,
          infiniplex_forest_straight_1
D:2:      layout_loops_corners, basic_altar, dreamdust_wishing_well,
          minmay_fractal_squares_gapless_5
D:3:      layout_rooms
D:4:      layout_basic, grunt_gozag_statues, minmay_door_square, minivault_4
D:5:      layout_rooms, temple_statues, uniq_sigmund
D:6:      layout_cave_pools, lightli_sewer_entry_pipes, uniq_pikel
D:7:      layout_rooms, uniq_joseph, uniq_prince_ribbit1
D:8:      layout_rooms, eino_tiny_chamber, uniq_maggie
D:9:      layout_loops_ring, dpeg_lair_monsters, orc_david_3, serial_shops,
          nicolae_stop_n_shop_1, shop, uniq_erolcha, uniq_gastronok, uniq_grum
D:10:     layout_rooms, mainiacjoe_overflow_boulevard, grunt_ministairs_3
D:11:     layout_cave_pools, nicolae_wooded_promenade,
          nicolae_tso_carved_into_rock
D:12:     layout_loops_corners, minmay_misc_feat_square, minivault_22,
          kennysheep_cross_bottleneck, nicolae_figureground_sparkle
D:13:     layout_stronghold, serial_glass, glass_columns_a, glass_columns_b,
          glass_columns_a, glass_columns_c, glass_columns_a, glass_columns_c,
          gauntlet_entry_generic, uniq_jorgrun
D:14:     layout_cross, skrybe_vaults_entry_preservation,
          minmay_misc_feat_roman, jiyva_altar_1, uniq_lodul, uniq_roxanne,
          uniq_agnes
D:15:     grunt_enter_depths_hoard, layout_irregular_city, serial_park_square1
          [serial_park_minivault_5x5_2], uniq_kirke, uniq_rupert
Temple:   nicolae_temple_bog_church
Lair:1:   layout_long_grid, gammafunk_ghost_icy, basic_altar,
          minmay_lair_oklob_bushes, dreamdust_deal_with_the_devil
Lair:2:   layout_gridlike, lemuel_old_faithful
Lair:3:   layout_hall_layers, minmay_shoals_entry_centaurs,
          minmay_snake_entry_six_corridors,
          portal_ice_cave_entry_animals_and_master
Lair:4:   layout_loops_ring, minmay_slime_entry_oklob_open,
          kennysheep_basilisk_garden
Lair:5:   evilmike_catoblepas_cave, layout_loops_ring, st_stairs_8,
          lemuel_fruit_fields, serial_bayou_shore_a
Shoals:1: layout_shoals
Shoals:2: layout_shoals, serial_nicolae_subway, nicolae_sub_station_stone,
          nicolae_sub_station_metal, nicolae_sub_station_crystal, uniq_ilsuiw,
          uniq_polyphemus
Shoals:3: layout_shoals
Shoals:4: shoals_end_grunt_ice, layout_shoals, nicolae_shoals_beach_cooler
Snake:1:  layout_basic, special_room, uniq_nikola
Snake:2:  layout_grid_maze, nicolae_snake_gridmaze_entwining,
          nicolae_snake_serpentine_hallways, lemuel_fruit_tree, uniq_aizul
Snake:3:  layout_basic, special_room, grunt_megastairs_5
Snake:4:  snake_pit_salamanders_mu, layout_basic, basic_altar, uniq_donald
Orc:1:    layout_diamond_mine, special_room [special_room_orc]
Orc:2:    st_orc_mages, layout_caves
Elf:1:    eino_elf_arrival_shootout, layout_gridlike,
          hangedman_elven_crosses_minicolossus, dreamdust_princess_corridor,
          drop_trap, minmay_shop_grove
Elf:2:    nicolae_elf_blades_crystal_corner, layout_loops_corners
Elf:3:    minmay_elf_hall_spiked, layout_geoelf_octagon, serial_shops, shop,
          minmay_shop_star
Vaults:1: nicolae_vaults_ellipses_ellipsis, st_lines, nicolae_vaults_heist,
          v_alt_pattern_2, nicolae_vaults_alarming, ontoclasm_vaults_misaligned,
          nicolae_vaults_closet_pinwheel_1, nicolae_vaults_house_1, v_misc_11,
          vaults_room_stairs_pillars, layout_vaults_omnicross,
          nicolae_trove_entry_diagonal
Vaults:2: ontoclasm_vaults_ring_square, nicolae_vaults_circle_grid_a,
          nicolae_vaults_more_shelving_2, v_misc_33, nicolae_vaults_six-pack,
          minmay_crypt_entry_nasty_monster, nicolae_vaults_big_angled_halls,
          nicolae_vaults_asterisk, nicolae_vaults_network_square, v_misc_26,
          vaults_room_corners, grunt_vaults_diagonal,
          hangedman_vaults_corner_blocks, nicolae_vaults_trapezoid_lopsided_1,
          layout_vaults_ring
Vaults:3: nicolae_vaults_closet_pinwheel_5, dpeg_vaults_monster_row, v_misc_33,
          dpeg_vaults_monster_box, v_alt_pattern_5, hangedman_vaults_maws,
          hangedman_vaults_stretched_pinwheel, nicolae_vaults_tetromino_Z_2,
          st_cross, nicolae_vaults_angled_halls, ontoclasm_vaults_misaligned,
          ontoclasm_vaults_claustrophobia, layout_vaults_omnibox,
          uniq_bai_suzhen, uniq_mennas
Vaults:4: gammafunk_ghost_smash, nicolae_vaults_octothorpe, v_misc_22,
          nicolae_vaults_trapezoid_lopsided_2, vaults_mumra_hex,
          nicolae_vaults_shelves_hall, nicolae_vaults_house_2,
          nicolae_vaults_diamond_2, nicolae_vaults_trapezoid_lopsided_3,
          hangedman_vaults_capsules, nicolae_vaults_gold_heap,
          nicolae_vaults_ring_of_whatevers, layout_vaults_chaotic_city,
          serial_shops, nicolae_shop_tiny_waterfront
Vaults:5: serial_shops, uniq_margery
Crypt:1:  layout_misc_corridors, minivault_26, minmay_misc_feat_hallway
Crypt:2:  layout_rooms, minivault_4, grunt_megastairs_3
Crypt:3:  due_elkab, layout_chaotic_city, tomb_entry_shell_bobbens,
          grunt_ministairs_3, st_stairs_6, minivault_26, weyrava_lich_vault,
          uniq_boris
Tomb:1:   uniq_khufu
Depths:1: layout_basic, kennysheep_doodads, hellmouth_3, kennysheep_small_circle
Depths:2: minmay_tearing_corner, layout_cave_shapes, serial_glass,
          glass_columns_b, glass_columns_a, grunt_pan_entry_zigzag,
          hangedman_abyss_or_decor_passed, pf_hell_entry_tar_spiral,
          serial_shops, shop
Depths:3: nooodl_heptagram, layout_gridlike, enter_ziggurat_c, hell_entry,
          abyss_entry, nicolae_hepliaklqana_hippocampus,
          kennysheep_treasure_room
Depths:4: evilmike_zot_entry_diamond, layout_cave_shapes,
          rand_demon_pan_entry_9, serial_bayou_shore_b, hell_entry,
          grunt_decor_junction, grunt_decor_arrowhead, grunt_ministairs_1,
          nicolae_vehumet_altar_sigil
Zot:1:    layout_concentric_octagons, hangedman_xom_zot_hilarity

Skill      XL: |  1  2  3  4  5  6  7  8  9 10 11 12 13 14 15 16 17 18 19 20 21 22 23 24 25 26 |
---------------+-------------------------------------------------------------------------------+-----
Fighting       | 4 5 6 7 9 11 13 14 15 17 19 21 23 24 26 27 | 27.0
Maces & Flails | 4 5 6 7 |  7.4
Armour         | 1 3 5 7 10 11 13 14 15 17 18 19 20 21 23 | 23.3
Invocations    | 6 7 10 12 15 | 15.0
Axes           | 2 8 10 12 13 16 18 | 18.0
Dodging        | 4 5 6 9 10 11 12 13 15 | 15.0
Shields        | 1 8 9 10 12 13 15 17 19 | 19.6

Action                     |  1- 3 |  4- 6 |  7- 9 | 10-12 | 13-15 | 16-18 | 19-21 | 22-24 | 25-27 || total
---------------------------+-------+-------+-------+-------+-------+-------+-------+-------+-------++-------
  Melee: Mace              |    78 |       |       |       |       |       |       |       |       ||    78
         Hand axe          |     4 |    87 |   215 |   298 |  1019 |  1777 |  1998 |   277 |       ||  5675
         Whip              |       |       |       |    12 |    70 |       |       |       |       ||    82
         Battleaxe         |       |       |       |       |   121 |       |       |       |       ||   121
         Demon whip        |       |       |       |       |       |       |       |   629 |       ||   629
         Broad axe         |       |       |       |       |       |       |       |  1030 |  1123 ||  2153
 Invoke: Heroism           |       |       |     1 |     3 |    10 |    11 |    10 |     4 |     1 ||    40
         Finesse           |       |       |       |       |     1 |     1 |     1 |     1 |       ||     4
  Evoke: Phial of floods   |       |       |       |       |       |       |     1 |       |       ||     1
    Use: Scroll            |     5 |     1 |     6 |     7 |     4 |     7 |     7 |    14 |    17 ||    68
         Potion            |       |       |       |     2 |       |     3 |     1 |     6 |     4 ||    16
   Stab: Distracted        |       |       |     2 |     3 |    30 |    60 |    58 |     7 |       ||   160
 Armour: Chain mail        |    10 |       |       |       |       |       |       |       |       ||    10
         Ring mail         |    24 |    38 |    76 |       |       |       |       |       |       ||   138
         Troll leather arm |       |       |    25 |   114 |       |       |       |       |       ||   139
         Plate armour      |       |       |       |    84 |   711 |   817 |   769 |   793 |   379 ||  3553
  Dodge: Dodged            |    41 |    49 |   128 |   200 |   332 |   420 |   355 |   457 |   247 ||  2229
         Repelled          |       |     5 |     4 |     2 |     9 |    27 |     1 |       |       ||    48
  Block: Buckler           |       |       |       |       |    85 |   226 |       |       |       ||   311
         Kite shield       |       |       |       |       |       |   236 |   787 |  1453 |   902 ||  3378
         Reflection        |       |       |       |       |       |       |    64 |    25 |    10 ||    99
